 Dungeon Crawl Stone Soup version 0.29.1-2-gbd0b4ee654 (webtiles) character file.

Game seed: 15078305838740420324

4 noe the Chiller (level 1, -2/14 HPs)
             Began as a Ghoul Ice Elementalist on Nov 16, 2022.
             Slain by a kobold
             ... wielding a +0 whip
              (5 damage)
             ... on level 1 of the Dungeon.
             The game lasted 00:01:07 (142 turns).

noe the Chiller (Ghoul Ice Elementalist)             Turns: 142, Time: 00:01:07

Health: -2/14      AC:  2    Str: 11    XL:     1   Next: 60%
Magic:  2/2        EV: 12    Int: 10    God:
Gold:   43         SH:  0    Dex:  9    Spells: 2/3 levels left

rFire   . . .      SeeInvis .   (no weapon)
rCold   + . .      Faith    .   (no shield)
rNeg    + + +      Spirit   .   a - +0 robe
rPois   ∞          Reflect  .   (no helmet)
rElec   .          Harm     .   (no cloak)
rCorr   .          Rampage  .   (no gloves)
Will    .....                   (no boots)
Stlth   ++........              (no amulet)
HPRegen 0.00/turn               (no ring)
MPRegen 0.08/turn               (no ring)

@: inhibited regen
A: claws 1, cold resistance 1, negative energy resistance 3, inhibited
regeneration, torment resistance 2, devour on kill
a: no special abilities


You were on level 1 of the Dungeon.
You visited 1 branch of the dungeon, and saw 1 of its levels.

You collected 43 gold pieces.

Inventory:

Armour
 a - a +0 robe (worn)
Scrolls
 c - a scroll of fog {unknown}
Potions
 b - a potion of magic


   Skills:
 + Level 1.9 Dodging
 + Level 2.1 Stealth
 + Level 1.8 Spellcasting
 + Level 4.5 Ice Magic


You had 2 spell levels left.
You knew the following spells:

 Your Spells              Type           Power      Damage    Failure   Level
a - Freeze                Ice            36%        1d6       4%          1

Your spell library contained the following spells:

 Spells                   Type           Power      Damage    Failure   Level
 Frozen Ramparts          Ice            18%        1d3       16%         3
 Ozocubu's Armour         Ice            9%         N/A       16%         3
 Hailstorm                Conj/Ice       5%         3d4       77%         4


Dungeon Overview and Level Annotations

Branches:
Dungeon (1/15)

Altars:


Innate Abilities, Weirdness & Mutations

You are immune to poison.
You have sharp fingernails.
Your flesh is cold resistant. (rC+)
You are immune to negative energy. (rN+++)
You do not regenerate when monsters are visible.
You are immune to unholy pain and torment.
You thrive by killing the living.


Message History

The endoplasm quivers.
The kobold hits you with a +0 club.
You closely miss the kobold. The kobold hits you but does no damage.
You scratch the kobold.
You kill the kobold!
You feel better.
Items here: $ ( ) †.
The kobold barely misses you. The endoplasm hits you.
The kobold closely misses you.
You scratch the endoplasm.
The endoplasm is moderately wounded.
The endoplasm hits you. The kobold hits you but does no damage.
You scratch the kobold.
You kill the kobold!
You feel better.
The endoplasm hits you but does no damage.
The endoplasm hits you but does no damage.
Things that are here:
a +0 short sword; a kobold corpse The endoplasm attacks as you move away!
The endoplasm hits you.
Found a scroll labelled HEONOC HIFFU.
You scratch the endoplasm.
The endoplasm is almost dead.
The endoplasm barely misses you.
A kobold opens the door.
The kobold shouts!
You scratch the endoplasm.
You kill the endoplasm!
Found a scroll labelled UZEKUPN AQYIZU.
The kobold throws a stone.
The stone hits you.
* * * LOW HITPOINT WARNING * * *
Things that are here:
a +0 short sword; a kobold corpse The kobold throws a stone.
The stone misses you.
Things that are here:
a +0 short sword; a kobold corpse The kobold throws a stone.
The stone closely misses you.
You see here 3 poisoned darts.
Items here: $ ( ) †.
The kobold hits you with a +0 whip.
You die...

.#.....#..>..............
...###......###..........
......'.....'.#..........
...#.#......#.#.....$....
.#.....#....#.#..........
###...###...+.'..........
.#.....#....#.#(.........
............#.#).).......
............#.#.@K.......
............#.#..........
.......######.......####.
....#### #..#..#'# ....#
##........ ....#
#.#....... ....#
#!###.?..?. ....# #
...... ....# ########


You could see a kobold.

Vanquished Creatures
  An endoplasm (D:1)
  2 kobolds (D:1)
  A ball python (D:1)
4 creatures vanquished.

Notes
Turn   | Place    | Note
-------+----------+-------------------------------------------
     0 | D:1      | noe the Ghoul Ice Elementalist began the quest for the Orb.
     0 | D:1      | Reached XP level 1. HP: 14/14 MP: 2/2
   142 | D:1      | Slain by a kobold

Illustrated notes

Levels and vault maps discovered:
D:1:      elethiomel_arrival_shortcut, layout_basic, serial_glass,
          glass_columns_c, glass_columns_a, glass_columns_b, glass_columns_c,
          glass_columns_a, glass_columns_a, minmay_strange_pillars,
          feat_on_display, item_on_display_a, minmay_strange_pillars,
          dreamdust_ecumenical_altar_angels_and_demons

Action                   || total
-------------------------++-------
Melee: Unarmed           ||     8
Armor: Robe              ||     4
Dodge: Dodged            ||    10
